Map: Ulrena

Players

LilDicky - Winner!

  • Race: Terran Terran
  • League: Diamond

VanDoos

  • Race: Terran Terran
  • League: Platinum

VOD

http://www.twitch.tv/tumescentpie

Description

Time

  • Played on: Dec. 31, 2015, 5:24 p.m.
  • Length: 6:05
Show
View Real Time Build Order
Export as new Build Order

LilDicky Terran - Winner!

Build Orders: 1/1/1, Liberator Opening 

Get SALT Encoding   

  12  0:01  SCV  
  13  0:13  SCV  
  14  0:17  Supply Depot  
  14  0:25  SCV  
  15  0:38  Refinery  
  15  0:39  SCV  
  16  0:45  Barracks  
  16  0:51  SCV  
  17  0:59  Refinery  
  17  1:03  SCV  
  18  1:16  SCV  
  19  1:28  SCV  
  20  1:36  Factory  
  20  1:38  Marine  
  21  1:40  Orbital Command  
  21  1:48  Supply Depot  
  21  1:56  Marine  
  22  2:05  SCV  
  23  2:14  Marine  
  24  2:21  Factory Tech Lab  
  24  2:24  Starport  
  24  2:30  SCV  
  24  2:32  Marine  
  26  2:40  Siege Tank  
  29  2:45  SCV  
  30  2:52  Marine  
  30  2:55  Liberator  
  31  3:00  Supply Depot  
  31  3:07  Engineering Bay  
  35  3:12  SCV  
  35  3:13  Siege Tank  
  38  3:22  Supply Depot  
  38  3:24  SCV  
  38  3:25  Marine  
  40  3:38  SCV  
  41  3:41  Missile Turret  
  41  3:45  Siege Tank  
  44  3:53  Supply Depot  
  44  4:01  Viking  
  45  4:18  Liberator  
  48  4:47  SCV  
  48  4:48  Siege Tank  
  52  4:59  Command Center  
  51  5:27  Viking  
  54  5:28  SCV  
  54  5:41  SCV  
Show
View Real Time Build Order
Export as new Build Order

VanDoos Terran 

Build Orders: 1/1/1, Liberator Opening 

Get SALT Encoding   

  12  0:00  SCV  
  13  0:13  SCV  
  14  0:17  Supply Depot  
  14  0:25  SCV  
  15  0:29  Refinery  
  15  0:39  SCV  
  16  0:45  Barracks  
  16  0:51  SCV  
  17  1:03  SCV  
  18  1:15  SCV  
  19  1:27  SCV  
  19  1:32  Marine  
  21  1:34  Factory  
  21  1:39  Orbital Command  
  21  1:43  Supply Depot  
  21  1:50  Marine  
  22  2:07  SCV  
  23  2:09  Marine  
  24  2:19  Command Center  
  24  2:23  SCV  
  24  2:29  Starport  
  25  2:33  Refinery  
  25  2:37  Widow Mine  
  25  2:41  Marine  
  25  2:42  SCV  
  29  2:55  SCV  
  29  2:57  Supply Depot  
  30  3:01  Liberator  
  30  3:03  Marine  
  31  3:17  Engineering Bay  
  31  3:19  SCV  
  35  3:22  Marine  
  36  3:31  SCV  
  36  3:33  Orbital Command  
  37  3:40  Marine  
  38  3:44  Factory Tech Lab  
  38  3:49  Missile Turret  
  38  3:50  SCV  
  38  3:53  Liberator  
  39  3:57  Marine  
  40  4:03  SCV  
  41  4:11  Siege Tank  
  41  4:14  SCV  
  41  4:15  SCV, Marine  
  49  4:30  Orbital Command  
  50  4:37  Marine  
  42  4:43  Siege Tank  
  45  4:55  Marine  
  43  5:04  Viking  
  41  5:24  Siege Tank, Marine  
Tags
 
Add a new tag
Caveats
  • Supply blocks, unpowered buildings, or Contaminate may cause inaccurate times.
  • Supply counts are checked every 10 seconds.